 Dungeon Crawl Stone Soup version 0.20.1-1-g8b1a95d (webtiles) character file.

38 schauveau the Digger (level 3, 0/20 HPs)
             Began as a Gargoyle Earth Elementalist on Dec 10, 2017.
             Slain by a gnoll
             ... wielding a +2 spear of venom
              (7 damage)
             ... on level 2 of the Dungeon.
             The game lasted 00:02:37 (1670 turns).

schauveau the Digger (Gargoyle Earth Elementalist)  Turns: 1670, Time: 00:02:38

Health: 0/20       AC:  6    Str: 11    XL:     3   Next: 43%
Magic:  6/6        EV: 12    Int: 16    God:
Gold:   88         SH:  0    Dex: 10    Spells: 5/6 levels left

rFire    . . .     SeeInvis .   a - +2 trident (venom)
rCold    . . .     Gourm    .   (no shield)
rNeg     + . .     Faith    .   c - +0 robe
rPois    ∞         Spirit   .   (no helmet)
rElec    +         Reflect  .   (no cloak)
rCorr    .         Harm     .   (no gloves)
MR       .....                  p - +0 pair of boots
Stlth    ++........             (no amulet)
Regen    0.1/turn               (no ring)
MPRegen  0.1/turn               (no ring)

@: no status effects
A: negative energy resistance 1, electricity resistance, unbreathing,
petrification resistance, rot immunity, AC +3
a: no special abilities


You were on level 2 of the Dungeon.
You were not hungry.

You visited 1 branch of the dungeon, and saw 2 of its levels.

You collected 88 gold pieces.

Inventory:

Hand Weapons
 a - a +2 trident of venom (weapon)
 l - a +0 spear
Missiles
 b - 45 stones (quivered)
 f - 20 poisoned needles
Armour
 c - a +0 robe (worn)
 p - a +0 pair of boots (worn)
Jewellery
 k - an uncursed ring of wizardry {unknown}
Scrolls
 h - a scroll of enchant weapon {unknown}
 m - 2 scrolls of magic mapping {unknown}
 n - a scroll of fog {unknown}
 q - a scroll of identify {unknown}
 r - a scroll of teleportation {unknown}
 t - a scroll of fear {unknown}
Potions
 j - a potion of flight {unknown}
 o - a potion of resistance {unknown}
 s - a potion of curing {unknown}
Books
 e - a book of Geomancy

   Spells                             Type                      Level
   a - Sandblast                      Earth                        1
   b - Passwall                       Transmutation/Earth          2
   c - Stone Arrow                    Conjuration/Earth            3
   d - Petrify                        Transmutation/Earth          4
   e - Lee's Rapid Deconstruction     Earth                        5
Comestibles
 d - 2 bread rations
 g - a royal jelly


   Skills:
 + Level 1.2 Fighting
 - Level 1.5 Dodging
 - Level 2.1 Stealth
 + Level 2.4 Spellcasting
   Level 0.7 Transmutations
 * Level 4.6 Earth Magic


You had 5 spell levels left.
You knew the following spells:

 Your Spells              Type           Power        Failure   Level  Hunger
a - Sandblast             Erth           ###...       3%          1    #......


Dungeon Overview and Level Annotations

Branches:
Dungeon (2/15)

Altars:


Innate Abilities, Weirdness & Mutations

You are resistant to torment.
Your stone body is resilient. (AC +3)
You are immune to poison.
You resist negative energy. (rN+)
You are resistant to electric shocks. (rElec)
You can survive without breathing.
You are immune to petrification.
You are immune to rotting.


Message History

You puncture the gnoll!
You kill the gnoll!
A gnoll comes into view. It is wielding a halberd.
The gnoll barely misses you.
The gnoll moves out of view.
Attack whom?
Press: ? - help, Dir - move target cursor, f - gnoll
Aim: a gnoll, wielding a spear of venom You reach to attack!
You hit the gnoll.
The gnoll is poisoned.
The gnoll is heavily wounded.
The gnoll hits you from afar with a spear of venom!
Ouch! That really hurt!
The gnoll hits you from afar with a spear of venom.
You are too injured to fight recklessly!
You are too injured to fight recklessly!
You are too injured to fight recklessly!
You are too injured to fight recklessly!
You are too injured to fight recklessly!
The gnoll closely misses you.
The gnoll hits you with a spear of venom!
You die...

############ ..#......######.
#..........# #####.# #.#......
...........###...#.######.#.#####
.................'...............
.........##.##...#.######.#.####.
.........##'#....'......#.#.#
.................#)####.#.#.#
.##...........##.g....#.#.#.####
.##...........##@#.##.#.#......#
.++...........##.#..........#.##
.##..............####.#..####.#
.###'####.....................#
...#..# #.......#####.#..######
...##.#####+#.............#
.......................>.##
..........#..#......)<...#
..........#..#.....##.#.##


You could see a gnoll.

Vanquished Creatures
  A gnoll (D:2)
  An ooze (D:1)
  A leopard gecko (D:1)
  2 bats (D:2)
  3 giant cockroaches (D:1)
  A hobgoblin (D:1)
  4 frilled lizards (D:1)
  3 goblins
  3 kobolds
  6 rats
25 creatures vanquished.

Notes
Turn   | Place    | Note
-------+----------+-------------------------------------------
     0 | D:1      | schauveau the Gargoyle Earth Elementalist began the quest for the Orb.
     0 | D:1      | Reached XP level 1. HP: 10/10 MP: 3/3
   195 | D:1      | Reached skill level 4 in Earth Magic
   195 | D:1      | Reached XP level 2. HP: 8/15 MP: 5/5
  1292 | D:2      | Reached XP level 3. HP: 20/20 MP: 6/6
  1313 | D:2      | Reached skill level 1 in Fighting
  1670 | D:2      | Slain by a gnoll

Skill      XL: |  1  2  3 |
---------------+----------+-----
Earth Magic    | 4 |  4.6
Fighting       | 1 |  1.2
Dodging        | |  1.5
Stealth        | |  2.1
Spellcasting   | |  2.4
Transmutations | |  0.7

Action                   || total
-------------------------++-------
Melee: Spear             ||    41
       Trident           ||    17
 Cast: Sandblast         ||    10
 Stab: Sleeping          ||     3
  Eat: Chunk             ||     2
Armor: Robe              ||    16
Dodge: Dodged            ||    23
